 Dungeon Crawl Stone Soup version 0.21-a0-286-g6fcecc0 (webtiles) character file.

12381 nikopol the Cleaver (level 11, 0/97 HPs)
             Began as a Minotaur Fighter on Sept 24, 2017.
             Was a High Priest of Okawaru.
             Killed by vampiric draining
             ... invoked by a vampire
              (16 damage)
             ... on level 12 of the Dungeon on Sept 25, 2017.
             The game lasted 00:33:04 (11971 turns).

nikopol the Cleaver (Minotaur Fighter)             Turns: 11971, Time: 00:33:05

Health: 0/97       AC: 18    Str: 23    XL:     11   Next: 61%
Magic:  10/10      EV: 10    Int:  5    God:    Okawaru [*****.]
Gold:   756        SH:  8    Dex: 11    Spells: 10/10 levels left

rFire    . . .     SeeInvis +   a - +0 war axe
rCold    . . .     Gourm    .   e - +2 buckler {AC+3}
rNeg     . . .     Faith    .   U - +0 chain mail
rPois    .         Spirit   .   (helmet restricted)
rElec    .         Reflect  .   k - +1 cloak
rCorr    .         Harm     .   D - +0 pair of gloves
MR       .....                  (no boots)
Stlth    ..........             T - amulet of rage
HPRegen  0.26/turn              S - ring of flight
MPRegen  0.12/turn              H - ring of see invisible

@: no status effects
A: retaliatory headbutt, horns 2
a: Heroism, Finesse, Renounce Religion, Evoke Berserk Rage, Evoke Flight


You were on level 12 of the Dungeon.
You worshipped Okawaru.
Okawaru was extremely pleased with you.
You were very hungry.

You visited 3 branches of the dungeon, and saw 14 of its levels.

You collected 756 gold pieces.

Inventory:

Hand Weapons
 a - a +0 war axe (weapon)
 G - a +0 broad axe
 Y - a +1 mace of protection
Missiles
 y - 20 tomahawks
 B - 4 javelins (quivered)
 W - 3 steel javelins
Armour
 e - a +2 buckler of protection (worn)
 k - a +1 cloak (worn)
 D - a +0 pair of gloves (worn)
 U - a +0 chain mail (worn)
Jewellery
 H - a ring of see invisible (right hand)
 S - a ring of flight (left hand)
 T - an amulet of rage (around neck)
Wands
 o - a wand of flame (20/48)
 w - a wand of confusion (16/48)
 M - a wand of polymorph (10/24)
 N - a wand of iceblast (4/15)
 P - a wand of lightning (4/15)
Scrolls
 b - a scroll of acquirement {unknown}
 c - a scroll of random uselessness {unknown}
 h - 2 scrolls of recharging {unknown}
 m - 3 scrolls of fog {unknown}
 n - 7 scrolls of teleportation {unknown}
 r - 3 scrolls of fear {unknown}
 t - 2 scrolls of remove curse
 u - 2 scrolls of blinking {unknown}
 x - 4 scrolls of enchant weapon {unknown}
 z - a scroll of immolation {unknown}
 A - 3 scrolls of enchant armour {unknown}
 E - a scroll of identify
 I - a scroll of vulnerability {unknown}
Potions
 d - 3 potions of might
 g - 8 potions of heal wounds
 i - 5 potions of agility
 j - 5 potions of lignification
 l - 4 potions of curing
 p - 4 potions of brilliance
 C - 2 potions of haste
 F - 2 potions of invisibility
 J - a potion of experience {unknown}
 K - a potion of mutation {unknown}
 O - a potion of degeneration
 R - a potion of berserk rage
 V - a potion of flight
Books
 L - a book of Dreams

   Spells                             Type                      Level
   a - Ensorcelled Hibernation        Hexes/Ice                    2
   b - Silence                        Hexes/Air                    5
   c - Darkness                       Hexes                        6
   d - Shadow Creatures               Summoning                    6
Comestibles
 f - 7 bread rations
 q - 12 royal jellies
 s - 6 meat rations
 v - 8 fruits


   Skills:
 + Level 9.5 Fighting
 + Level 13.7 Axes
 + Level 3.1 Throwing
 + Level 9.9 Armour
 + Level 5.1 Dodging
 + Level 2.1 Stealth
 + Level 9.7 Shields
 + Level 0.5 Evocations


You had 10 spell levels left.
You didn't know any spells.

Dungeon Overview and Level Annotations

Branches:
Dungeon (12/15)            Temple (1/1) D:6            Lair (1/6) D:8
    Orc (0/2) D:10

Altars:
Ashenzari
Cheibriados
Dithmenos
Elyvilon
Fedhas
Gozag
Hepliaklqana
Kikubaaqudgha
Makhleb
Nemelex Xobeh
Okawaru
Qazlal
Ru
Sif Muna
Trog
Uskayaw
Vehumet
Wu Jian
Xom
Yredelemnul
Zin
The Shining One
Lugonu

Shops:
D:9 =

Annotations:
D:5 exclusion: statue
D:7 1 runed door


Innate Abilities, Weirdness & Mutations

You reflexively headbutt those who attack you in melee.
You have a pair of horns on your head.


Message History

The vampire points at you and mumbles some strange words.
You are confused.
Throwing (i - inventory. (,) - cycle):
B - 5 javelins (quivered)
Press: ? - help, Shift-Dir - straight line, f/p - vampire
Aim: a vampire (severely damaged, slightly transparent)
You throw a javelin. The vampire closely misses you. The vampire bites you.
* * * LOW HITPOINT WARNING * * *
The vampire draws strength from your injuries!
You miss the vampire. You headbutt the vampire.
The vampire is almost destroyed.
You miss the vampire.
The vampire is almost destroyed.
The vampire closely misses you. x2
The vampire hits you but does no damage.
The vampire bites you but does no damage.
You closely miss the vampire.
The vampire is almost destroyed.
You feel less confused.
The vampire is infused with unholy energy.
You die...

.. #.## #./# #
######.######
#..#...........#
#....@V.......#
###...........#
#.(..(.....<#
#(.(.((.....#
#######.#####
#.# #(# #.# #>#


You could see a vampire.

Vanquished Creatures
  3 two-headed ogres
  An unseen horror (D:11)
  Pikel (D:4)
  3 ugly things
  A manticore (D:10)
  2 trolls
  A hippogriff (D:8)
  A shadow (D:11)
  A wyvern (D:10)
  6 yaks (D:9)
  2 hungry ghosts
  A steam dragon (D:9)
  An acid dragon (D:11)
  A soldier ant (D:10)
  5 orc warriors
  3 sky beasts
  4 ice beasts
  2 black bears (D:7)
  4 phantoms
  2 ogres
  5 centaurs
  3 bullfrogs
  A gnoll sergeant (D:8)
  2 scorpions
  17 killer bees
  7 howler monkeys
  5 crimson imps
  4 quasits
  2 bullfrog zombies (D:7)
  A centaur zombie (D:11)
  7 jellies
  7 hounds
  4 orc wizards
  5 orc priests
  2 centaur skeletons
  3 iguanas
  8 worker ants
  A human simulacrum (D:9)
  A hound zombie (D:8)
  2 worker ant zombies (D:11)
  12 adders
  3 gnolls (D:8)
  2 howler monkey skeletons
  A shadow imp (D:11)
  6 oozes
  An adder skeleton (D:8)
  A worm (D:2)
  2 dart slugs
  41 orcs
  4 giant cockroaches
  8 goblins
  5 hobgoblins
  9 jackals
  11 kobolds
  7 quokkas
  11 bats
  8 frilled lizards
  A leopard gecko skeleton (D:6)
  10 rats
  9 fungi (D:7)
  4 plants (D:7)
288 creatures vanquished.

Vanquished Creatures (others)
  An orc priest (D:6)
  A human simulacrum (D:9)
  A leopard gecko (D:9)
  An orc (D:6)
4 creatures vanquished.

Grand Total: 292 creatures vanquished

Notes
Turn   | Place    | Note
-------+----------+-------------------------------------------
     0 | D:1      | nikopol the Minotaur Fighter began the quest for the Orb.
     0 | D:1      | Reached XP level 1. HP: 19/19 MP: 0/0
   178 | D:1      | Reached XP level 2. HP: 27/27 MP: 1/1
   826 | D:2      | Reached skill level 3 in Axes
   826 | D:2      | Reached XP level 3. HP: 32/33 MP: 2/2
   839 | D:2      | Found a transporter.
   854 | D:2      | Found a bloodstained altar of Trog.
  1016 | D:2      | Found a transporter.
  1152 | D:2      | Reached XP level 4. HP: 39/40 MP: 3/3
  1403 | D:2      | Upgraded the game from 0.21-a0-283-g622b906 to 0.21-a0-286-g6fcecc0
  1608 | D:3      | Reached skill level 4 in Axes
  1608 | D:3      | Reached skill level 1 in Dodging
  1608 | D:3      | Reached XP level 5. HP: 13/47 MP: 4/4
  2065 | D:3      | Found an ancient bone altar of Kikubaaqudgha.
  2156 | D:3      | Found a deep blue altar of Sif Muna.
  2836 | D:4      | Noticed a slave
  2837 | D:4      | Noticed Pikel
  2842 | D:4      | Noticed a slave
  2843 | D:4      | Noticed a slave
  2852 | D:4      | Noticed a slave
  2853 | D:4      | Killed Pikel
  2853 | D:4      | Reached skill level 5 in Fighting
  2853 | D:4      | Reached skill level 6 in Axes
  2853 | D:4      | Reached skill level 5 in Armour
  2853 | D:4      | Reached skill level 5 in Shields
  2853 | D:4      | Reached XP level 6. HP: 36/56 MP: 5/5
  2853 | D:4      | Reached XP level 7. HP: 40/61 MP: 6/6
  2896 | D:4      | Reached skill level 7 in Axes
  2987 | D:4      | Found an iron altar of Okawaru.
  3337 | D:5      | Entered Level 5 of the Dungeon
  3355 | D:5      | Found a white marble altar of Elyvilon.
  3613 | D:5      | Found a shimmering altar of Xom.
  3695 | D:5      | Found a radiant altar of Vehumet.
  4450 | D:6      | Reached skill level 1 in Stealth
  4475 | D:6      | Reached XP level 8. HP: 67/69 MP: 7/7
  4534 | D:6      | Reached skill level 1 in Throwing
  4656 | D:6      | Found a shadowy altar of Dithmenos.
  4697 | D:6      | Reached skill level 8 in Axes
  4970 | D:6      | Found a staircase to the Ecumenical Temple.
  4976 | Temple   | Entered the Ecumenical Temple
  5113 | D:4      | Became a worshipper of Warmaster Okawaru
  5380 | D:7      | Found a blossoming altar of Fedhas.
  5546 | D:7      | Found a runed door.
  5546 | D:7      | Noticed a sixfirhy
  5820 | D:7      | Reached * piety under Okawaru
  5891 | D:7      | Reached skill level 9 in Axes
  5937 | D:7      | Reached XP level 9. HP: 77/78 MP: 8/8
  6378 | D:8      | Found a hazy altar of Hepliaklqana.
  6795 | D:8      | Found a staircase to the Lair.
  6933 | D:8      | Reached ** piety under Okawaru
  6934 | D:8      | Found a sparkling altar of Nemelex Xobeh.
  7067 | D:8      | Reached skill level 10 in Axes
  7488 | D:8      | Found a shattered altar of Ashenzari.
  7853 | D:9      | Noticed a troll
  7858 | D:9      | Killed a troll
  7874 | D:9      | Reached *** piety under Okawaru
  7874 | D:9      | Reached XP level 10. HP: 86/86 MP: 9/9
  7934 | D:9      | Got a transparent ring mail
  8328 | D:9      | Found Ceivahej's Jewellery Emporium.
  8573 | D:9      | Identified the +0 ring mail "Oshieby" {Slay+3} (You found it on level 9 of the Dungeon)
  8656 | D:9      | Reached skill level 11 in Axes
  8754 | D:9      | Reached **** piety under Okawaru
  8932 | D:8      | Found a glowing golden altar of the Shining One.
  9109 | Lair:1   | Entered Level 1 of the Lair of Beasts
  9109 | Lair:1   | Noticed a spiny frog
  9109 | Lair:1   | Noticed an eight-headed hydra
  9199 | D:10     | Entered Level 10 of the Dungeon
  9254 | D:10     | Noticed a two-headed ogre
  9266 | D:10     | Killed a two-headed ogre
  9266 | D:10     | Reached ***** piety under Okawaru
  9266 | D:10     | Reached skill level 12 in Axes
  9834 | D:10     | Found a staircase to the Orcish Mines.
 10335 | D:10     | Found a sacrificial altar of Ru.
 10365 | D:10     | Reached XP level 11. HP: 64/95 MP: 10/10
 10792 | D:11     | Noticed a purple ugly thing
 10852 | D:10     | Killed a purple ugly thing
 11031 | D:11     | Noticed a two-headed ogre
 11038 | D:11     | Killed a two-headed ogre
 11038 | D:11     | Received a gift from Okawaru
 11038 | D:11     | Received a gift from Okawaru
 11038 | D:11     | Reached skill level 13 in Axes
 11217 | D:11     | Noticed a purple ugly thing
 11222 | D:11     | Noticed a brown ugly thing
 11222 | D:11     | Noticed a two-headed ogre
 11250 | D:10     | Killed a purple ugly thing
 11250 | D:10     | Reached skill level 5 in Dodging
 11289 | D:11     | Killed a two-headed ogre
 11292 | D:11     | Killed a brown ugly thing
 11480 | D:11     | Noticed an unseen horror
 11506 | D:11     | Killed an unseen horror
 11971 | D:12     | Killed from afar by a vampire

Vault maps used:
D:1:      mrwooster_arrival_statue_3, minmay_tetromino_s4
D:2:      minmay_kobold_bridge, gammafunk_temple_overflow_arena,
          dk_noncrumbling_3
D:3:      overflow_temple_1_default, led_sif_book
D:4:      okawaru_metal_pillars_1_2, uniq_pikel
D:5:      vehumet_statue, nicolae_overflow_crystal_walls, elyvilon_altar_5,
          first_bread
D:6:      grunt_dithmenos_smoke, minmay_temple_entry_enclosed_plants,
          lemuel_flamethrower_2
D:7:      cheibrodos_shockbox, fedhas_altar_3, st_stairs_7
D:8:      old_standard_altar, old_standard_altar, nicolae_ashenzari_panopticon,
          nicolae_overflow_hidden_temple
D:9:      serial_shops, shop, hangedman_little_slice_of_home,
          grunt_ministairs_5, bh_circular_ruins
D:10:     david_orc_2, basic_altar, st_stairs_13
D:12:     serial_shops, shop
Temple:   corrupted_temple
Lair:1:   lemuel_fruit_tree, serial_bayou_shore_b, infiniplex_staircase_pool

Skill      XL: |  1  2  3  4  5  6  7  8  9 10 11 |
---------------+----------------------------------+-----
Fighting       | 4 5 6 7 8 9 |  9.5
Armour         | 4 5 7 8 9 |  9.9
Axes           | 3 4 6 7 9 10 12 13 | 13.7
Shields        | 4 5 6 8 9 |  9.7
Dodging        | 1 2 3 4 5 |  5.1
Stealth        | 1 2 |  2.1
Throwing       | 1 3 |  3.1
Evocations     | |  0.5

Action                   |  1- 3 |  4- 6 |  7- 9 | 10-12 || total
-------------------------+-------+-------+-------+-------++-------
Melee: War axe           |    83 |    70 |   424 |   384 ||   961
       Headbutt          |     8 |     6 |    76 |    86 ||   176
Throw: Tomahawk          |       |       |     5 |    19 ||    24
       Javelin           |       |       |     4 |    29 ||    33
 Abil: Evoke Berserk Rag |       |       |       |     1 ||     1
  Use: Scroll            |       |       |     9 |     4 ||    13
  Eat: Chunk             |     1 |     4 |    18 |    14 ||    37
       Royal jelly       |       |       |       |     1 ||     1
       Fruit             |       |       |       |     1 ||     1
Armor: Scale mail        |    57 |    21 |   170 |    58 ||   306
       Chain mail        |       |       |       |   100 ||   100
Dodge: Dodged            |    25 |    22 |   166 |   144 ||   357
Block: Shield            |    69 |    31 |   154 |       ||   254
       Buckler           |       |       |    66 |   121 ||   187

Table legend:
 A = Spawn XP
 B = Non-spawn XP
 C = Spawn XP percentage of total XP
 D = Spawn monster count
 E = Non-spawn monster count
 F = Spawn count percentage of total count
 G = Total turns spent on level
                    A         B        C        D         E        F      G
               +---------+---------+-------+---------+---------+-------+---------
         Total |       0 |   17688 |   0.0 |       0 |     275 |   0.0 | 11971
               +---------+---------+-------+---------+---------+-------+---------
           D:1 |       0 |      31 |   0.0 |       0 |      21 |   0.0 |   761
           D:2 |       0 |      85 |   0.0 |       0 |      35 |   0.0 |  1111
           D:3 |       0 |     172 |   0.0 |       0 |      22 |   0.0 |   761
           D:4 |       0 |     749 |   0.0 |       0 |      10 |   0.0 |   881
           D:5 |       0 |     288 |   0.0 |       0 |      11 |   0.0 |   894
           D:6 |       0 |     670 |   0.0 |       0 |      17 |   0.0 |   854
           D:7 |       0 |    1179 |   0.0 |       0 |      22 |   0.0 |   976
           D:8 |       0 |    1955 |   0.0 |       0 |      33 |   0.0 |  1707
           D:9 |       0 |    2752 |   0.0 |       0 |      30 |   0.0 |  1188
          D:10 |       0 |    4993 |   0.0 |       0 |      46 |   0.0 |  1823
          D:11 |       0 |    4814 |   0.0 |       0 |      28 |   0.0 |   900
               +---------+---------+-------+---------+---------+-------+---------
